 Dungeon Crawl Stone Soup version 0.25.1-2-g60ff931df9 (webtiles) character file.

Game seed: 4442403128523740418

95820 Gynju the Protected (level 16, -4/107 HPs)
             Began as a Gargoyle Fighter on Aug 7, 2020.
             Was the Champion of Okawaru.
             Killed by divine providence
             ... invoked by a meliai
              (11 damage)
             ... on level 14 of the Dungeon.
             The game lasted 00:40:27 (23813 turns).

Gynju the Protected (Gargoyle Fighter)             Turns: 23813, Time: 00:40:27

Health: -4/107     AC: 49    Str: 27    XL:     16   Next: 15%
Magic:  22/23      EV:  9    Int: 12    God:    Okawaru [******]
Gold:   2832       SH: 25    Dex:  9    Spells: 15/15 levels left

rFire    . . .     SeeInvis .   D - +8 eveningstar of False Accusations {elec, +Inv}
rCold    + . .     Gourm    .   P - +2 tower shield {AC+3}
rNeg     + . .     Faith    .   x - +2 plate armour {rC+}
rPois    ∞         Spirit   .   b - +2 helmet
rElec    +         Reflect  .   s - scarf {repulsion}
rCorr    .         Harm     .   X - +2 pair of gloves {Str+3}
MR       +....                  R - +0 pair of boots
Stlth    ..........             W - amulet of regeneration
HPRegen  0.67/turn              e - +4 ring of protection
MPRegen  0.18/turn              i - +4 ring of slaying

@: heroism, very slightly contaminated, repel missiles
A: big wings, negative energy resistance 1, electricity resistance, unbreathing,
petrification resistance, rot immunity, AC +12
a: Fly, Heroism, Finesse, Renounce Religion, Evoke Invisibility


You were on level 14 of the Dungeon.
You worshipped Okawaru.
Okawaru was exalted by your worship.
You were not hungry.

You visited 4 branches of the dungeon, and saw 23 of its levels.
You also visited: Ice Cave.

You collected 2832 gold pieces.

Inventory:

Hand Weapons
 o - the +4 hunting sling "Avouff" {venom, MP+9 Dex+5, unknown}
   (Okawaru gifted it to you on level 6 of the Lair of Beasts)

   It poisons the ammo it fires.
   It affects your dexterity (+5).
   It affects your magic capacity (+9).
 D - the +8 eveningstar of False Accusations (weapon) {elec, +Inv}
   (Okawaru gifted it to you on level 12 of the Dungeon)

   Occasionally, upon striking a foe, it will discharge some electrical energy
   and cause terrible harm.
   It lets you turn invisible.
Missiles
 r - 68 sling bullets
Armour
 b - a +2 helmet (worn)
 s - a scarf of repulsion (worn)
 x - a +2 plate armour of cold resistance (worn)
 P - a +2 tower shield of protection (worn)
 R - a +0 pair of boots (worn)
 X - a +2 pair of gloves of strength (worn)
Jewellery
 e - a +4 ring of protection (left hand)
 i - a +4 ring of slaying (right hand)
 I - an uncursed ring of see invisible
 W - an amulet of regeneration (around neck)
Wands
 n - a wand of flame (29)
 w - a wand of acid (30)
 E - a wand of clouds (4)
 F - a wand of polymorph (12)
 H - a wand of digging (8)
 T - a wand of random effects (26)
 U - a wand of paralysis (9)
 Z - a wand of disintegration (30)
Scrolls
 c - a scroll of magic mapping
 h - 13 scrolls of teleportation
 j - 3 scrolls of fog
 l - 4 scrolls of fear
 m - 4 scrolls of amnesia
 u - 4 scrolls of remove curse
 y - 5 scrolls of enchant weapon
 C - 2 scrolls of immolation
 G - 4 scrolls of enchant armour
 K - 3 scrolls of identify
Potions
 a - a potion of magic {unknown}
 d - 2 potions of might
 k - a potion of ambrosia
 q - 10 potions of curing
 v - 4 potions of flight
 z - 4 potions of haste
 A - 2 potions of brilliance
 B - 4 potions of lignification
 J - a potion of resistance {unknown}
 L - a potion of invisibility {unknown}
 N - 2 potions of berserk rage
 O - 4 potions of heal wounds {unknown}
 Q - 3 potions of stabbing {unknown}
 S - 2 potions of cancellation
Miscellaneous
 g - a phantom mirror
Comestibles
 f - 58 rations
 t - 11 chunks of flesh


   Skills:
 + Level 14.4(19.4) Fighting
 + Level 14.1(19.1) Maces & Flails
 + Level 14.4(19.4) Armour
 + Level 14.4(19.4) Shields
 - Level 10.0 Invocations
 + Level 1.8 Evocations


You had 15 spell levels left.
You didn't know any spells.
Your spell library contained the following spells:

 Spells                   Type           Power        Failure   Level  Hunger
 Corona                   Hex            #......      97%         1    ##.....
 Freeze                   Ice            #...         97%         1    ##.....
 Sandblast                Erth           #.....       97%         1    ##.....
 Summon Small Mammal      Summ           #...         97%         1    ##.....
 Blink                    Tloc           N/A          99%         2    ###....
 Call Imp                 Summ           #.......     99%         2    ###....
 Ensorcelled Hibernation  Hex/Ice        #.....       99%         2    ###....
 Passwall                 Tmut/Erth      #.......     99%         2    ###....
 Shroud of Golubria       Chrm/Tloc      #.....       99%         2    ###....
 Slow                     Hex            #.......     99%         2    ###....
 Call Canine Familiar     Summ           #.......     100%        3    ####...
 Confusing Touch          Hex            #.......     100%        3    ####...
 Dazzling Flash           Conj/Hex       #.....       100%        3    ####...
 Frozen Ramparts          Ice            #.....       100%        3    ####...
 Gell's Gravitas          Tloc           #.........   100%        3    ####...
 Inner Flame              Hex/Fire       #.......     100%        3    ####...
 Lesser Beckoning         Tloc           #.........   100%        3    ####...
 Ozocubu's Armour         Chrm/Ice       #.......     100%        3    ####...
 Portal Projectile        Hex/Tloc       #.....       100%        3    ####...
 Stone Arrow              Conj/Erth      #.....       100%        3    ####...
 Summon Guardian Golem    Hex/Summ       #.......     100%        3    ####...
 Teleport Other           Tloc           #.......     100%        3    ####...
 Tukima's Dance           Hex            #.......     100%        3    ####...
 Cause Fear               Hex            #.........   100%        4    #####..
 Hailstorm                Conj/Ice       #.......     100%        4    #####..
 Leda's Liquefaction      Hex/Erth       #.........   100%        4    #####..
 Passage of Golubria      Tloc           N/A          100%        4    #####..
 Petrify                  Tmut/Erth      #.......     100%        4    #####..
 Summon Ice Beast         Ice/Summ       #.......     100%        4    #####..
 Summon Lightning Spire   Summ/Air       #.......     100%        4    #####..
 Lee's Rapid Deconstruct  Erth           #.........   100%        5    ######.


Dungeon Overview and Level Annotations

Branches:
Dungeon (14/15)            Temple (1/1) D:5            Lair (6/6) D:9
  Swamp (0/4) Lair:2       Spider (0/4) Lair:2        Slime (0/5) Lair:5
    Orc (2/2) D:10            Elf (0/3) Orc:2         IceCv (visited)
 Vaults: D:13-14

Altars:
Ashenzari
Cheibriados
Dithmenos
Elyvilon
Fedhas
Gozag
Kikubaaqudgha
Makhleb
Nemelex Xobeh
Okawaru
Qazlal
Ru
Sif Muna
Trog
Vehumet
Wu Jian
Yredelemnul
Zin
The Shining One
Beogh
Jiyva

Shops:
D:7 *   D:10 *   Orc:2 [:(==

Portals:
Abyss: D:4

Annotations:
D:4 2 transporters, Wulf's ghost, novice HOFi
D:10 3 runed translucent doors, exclusion: obsidian statue, Umawiboi's ghost, novice TrNe
Lair:1 1 runed translucent door


Innate Abilities, Weirdness & Mutations

You are resistant to torment.
Your stone body is resilient. (AC +12)
You are immune to poison.
Your large and strong wings let you fly indefinitely.
You resist negative energy. (rN+)
You are resistant to electric shocks. (rElec)
You can survive without breathing.
You are immune to petrification.
You are immune to rotting.


Message History

Okay, then.
You feel better.
The meliai calls down the wrath of its god upon you.
Something smites you!
* * * LOW HITPOINT WARNING * * *
The meliai invokes the aid of its god against you.
Something smites you!
* * * LOW HITPOINT WARNING * * *
You block the meliai's attack. x2
Blink to where?
Press: ? - help, Dir - move target cursor You are very lightly contaminated with residual magic.
As you read the scroll of blinking, it crumbles to dust.
Found a steaming ring mail.
Blink to where?
Press: ? - help, Dir - move target cursor
As you read the scroll of blinking, it crumbles to dust.
The meliai invokes the aid of its god against you.
Something smites you!
You die...

....##y####..#######
.......§..y....>...#
..#.##.####c.##.####
#.# #..#.....#
#.####..#..##.# #[
#..y.#..##.# #.
#.#..#..##.# ..
#...y......# ##
#..@....####
##.._...# #......#
#......# #####.#..#
.....#..########
##..#..........
#.....######## ..
#..##.#


You could see 3 meliai and a centaur.

Vanquished Creatures
  Rupert (Lair:6)
  Kirke (Lair:6)
  2 orc warlords (Orc:1)
  2 entropy weavers (Lair:5)
  Nessos (Lair:4)
  A fire dragon (Lair:6)
  8 hydras
  A catoblepas (Lair:6)
  2 two-headed ogres
  A queen ant (Lair:6)
  5 orc high priests
  A tengu warrior (D:14)
  11 death yaks
  Sonja (D:13)
  7 slime creatures
  An unseen horror (D:12)
  A skeletal warrior (D:10)
  An orange crystal statue (Lair:5)
  A lindwurm (Lair:6)
  A wizard (D:14)
  Pikel (D:5)
  9 orc knights
  3 cyclopes
  6 orc sorcerers
  3 ugly things
  6 elephants (Lair:4)
  2 molten gargoyles (Lair:6)
  10 black mambas
  4 gargoyles
  11 spiny frogs
  4 kobold demonologists
  9 komodo dragons
  A rime drake (Lair:5)
  2 jumping spiders (Lair:2)
  A polar bear (Lair:4)
  7 trolls
  A hornet (D:12)
  9 dream sheep
  5 hippogriffs
  3 bog bodies (Lair:2)
  15 blink frogs
  A vampire (D:13)
  A shadow (D:11)
  28 yaks
  8 basilisks
  3 wyverns (Lair:6)
  9 hogs
  A human (D:8)
  4 vampire mosquitoes
  3 steam dragons
  A hungry ghost (D:11)
  4 wargs
  A swamp worm (Lair:2)
  12 soldier ants
  5 porcupines
  7 hell hounds
  19 water moccasins
  17 ice beasts
  2 black bears
  2 sky beasts
  45 orc warriors
  A hornet zombie (D:10)
  3 necrophages
  10 wolves
  An eye of draining (D:12)
  4 phantoms
  5 centaurs
  5 boggarts (D:14)
  13 ogres
  12 crocodiles
  A big kobold (D:12)
  Blork the orc (D:4)
  17 bullfrogs
  A wyvern zombie (D:13)
  2 scorpions
  18 killer bees
  14 wights
  5 electric eels
  3 howler monkeys (D:9)
  A crimson imp (D:10)
  A bullfrog zombie (D:6)
  4 centaur zombies
  7 lava snakes
  A quasit (D:10)
  6 centaur skeletons
  31 orc priests
  5 hounds
  7 jellies
  34 orc wizards
  5 bullfrog skeletons
  Terence (D:3)
  Jessica (D:3)
  Ijyb (D:3)
  An iguana (D:10)
  27 worker ants
  11 hell rats
  A hound zombie (D:5)
  2 hound skeletons
  A howler monkey zombie (D:5)
  Robin (D:3)
  3 gnolls (D:6)
  8 adders
  3 river rats (Lair:1)
  An adder zombie (D:8)
  4 worms
  2 dart slugs
  3 leopard geckos
  125 orcs
  14 bats
  A bat zombie (D:6)
  3 giant cockroaches
  10 hobgoblins
  7 jackals
  9 kobolds
  7 quokkas
  2 ball pythons
  2 frilled lizards (D:2)
  11 goblins
  A jackal skeleton (D:4)
  16 rats
  2 rat zombies (D:6)
834 creatures vanquished.

Vanquished Creatures (others)
  A phantom (D:5)
  An orc wizard (Orc:2)
  An adder (D:5)
  5 orcs
  4 fungi
  9 plants
  6 toadstools (Lair:1)
27 creatures vanquished.

Grand Total: 861 creatures vanquished

Notes
Turn   | Place    | Note
-------+----------+-------------------------------------------
     0 | D:1      | Gynju the Gargoyle Fighter began the quest for the Orb.
     0 | D:1      | Reached XP level 1. HP: 14/14 MP: 1/1
   199 | D:1      | Reached XP level 2. HP: 16/19 MP: 2/2
   765 | D:2      | Reached XP level 3. HP: 22/23 MP: 3/3
  1338 | D:2      | Reached XP level 4. HP: 28/28 MP: 4/4
  1618 | D:3      | Found a burning altar of Makhleb.
  1642 | D:3      | Noticed Robin
  1647 | D:3      | Killed Robin
  1720 | D:3      | Found a shimmering blue altar of Sif Muna.
  1750 | D:3      | Noticed Jessica
  1756 | D:3      | Killed Jessica
  1756 | D:3      | Reached skill level 5 in Maces & Flails
  1756 | D:3      | Reached XP level 5. HP: 32/32 MP: 5/5
  1794 | D:3      | Noticed Terence
  1806 | D:3      | Killed Terence
  2076 | D:3      | Noticed Ijyb
  2080 | D:3      | Killed Ijyb
  2151 | D:3      | Found a basalt altar of Yredelemnul.
  2583 | D:4      | Reached XP level 6. HP: 37/37 MP: 6/6
  2869 | D:4      | Noticed Blork the orc
  2879 | D:4      | Killed Blork the orc
  2924 | D:4      | Found a transporter.
  2947 | D:4      | Noticed a small abomination
  2953 | D:4      | Found a transporter.
  2953 | D:4      | Noticed Wulf's ghost (novice HOFi)
  2954 | D:4      | Found a one-way gate to the infinite horrors of the Abyss.
  2978 | D:4      | Reached XP level 7. HP: 41/41 MP: 7/7
  3412 | D:5      | Entered Level 5 of the Dungeon
  3412 | D:5      | Found a staircase to the Ecumenical Temple.
  3421 | Temple   | Entered the Ecumenical Temple
  3507 | Temple   | Became a worshipper of Warmaster Okawaru
  3593 | D:5      | Noticed Pikel
  3616 | D:5      | Killed Pikel
  3616 | D:5      | Reached * piety under Okawaru
  3616 | D:5      | Reached ** piety under Okawaru
  3616 | D:5      | Reached XP level 8. HP: 34/46 MP: 7/10
  3829 | D:5      | Found a white marble altar of Elyvilon.
  3952 | D:5      | Reached skill level 5 in Invocations
  4104 | D:5      | Got a bloodstained war axe
  4173 | D:6      | Identified the cursed +2 war axe of Infection {drain, rPois
                  | rC+++ MR- Int-4} (You found it on level 5 of the Dungeon)
  4261 | D:6      | Reached *** piety under Okawaru
  4775 | D:6      | Reached XP level 9. HP: 49/51 MP: 13/13
  4915 | D:6      | Found an ancient bone altar of Kikubaaqudgha.
  5135 | D:6      | Reached skill level 10 in Maces & Flails
  5539 | D:7      | Reached **** piety under Okawaru
  5873 | D:7      | Found Zimm's Assorted Antiques.
  6478 | D:8      | Reached XP level 10. HP: 43/56 MP: 16/16
  6500 | D:8      | Reached ***** piety under Okawaru
  7114 | D:9      | Found a shattered altar of Ashenzari.
  7419 | D:9      | Reached skill level 10 in Invocations
  7431 | D:9      | Received a gift from Okawaru
  7760 | D:9      | Found a staircase to the Lair.
  7908 | D:9      | Found a stormy altar of Qazlal.
  8027 | D:9      | Found a blossoming altar of Fedhas.
  8027 | D:9      | Found a sacrificial altar of Ru.
  8027 | D:9      | Found a glowing golden altar of the Shining One.
  8614 | D:9      | Got a fine buckler
  8631 | D:9      | Identified the +3 buckler "Dinoosch" {rF+ Regen+ Int+3
                  | Stlth-} (You found it on level 9 of the Dungeon)
  8759 | D:10     | Entered Level 10 of the Dungeon
  8991 | D:10     | Reached XP level 11. HP: 55/61 MP: 15/18
  9039 | D:10     | Found a staircase to the Orcish Mines.
  9355 | D:10     | Found a runed translucent gate.
  9355 | D:10     | Found a runed translucent gate.
  9355 | D:10     | Found a runed translucent gate.
  9361 | D:10     | Found an opulent altar of Gozag.
  9361 | D:10     | Noticed an obsidian statue
  9370 | D:10     | Noticed a yaktaur captain
  9387 | D:10     | Noticed Umawiboi's ghost (novice TrNe)
  9388 | D:10     | Noticed an ogre mage
  9406 | D:10     | Found Cuyr's Assorted Antiques.
  9655 | D:10     | Reached skill level 5 in Armour
  9655 | D:10     | Reached skill level 5 in Shields
  9673 | D:10     | Noticed a skeletal warrior
  9692 | D:10     | Killed a skeletal warrior
  9692 | D:10     | Reached skill level 5 in Fighting
  9743 | D:10     | Noticed a two-headed ogre
  9754 | D:10     | Killed a two-headed ogre
 10210 | Lair:1   | Entered Level 1 of the Lair of Beasts
 10369 | Lair:1   | Noticed a four-headed hydra
 10381 | Lair:1   | Killed a four-headed hydra
 10435 | Lair:1   | Noticed a six-headed hydra
 10442 | Lair:1   | Killed a six-headed hydra
 10517 | Lair:1   | Received a gift from Okawaru
 10958 | Lair:1   | Noticed a dire elephant
 10958 | Lair:1   | Noticed a dire elephant
 10978 | Lair:1   | Found a runed translucent door.
 11095 | Lair:2   | Noticed a seven-headed hydra
 11104 | Lair:2   | Killed a seven-headed hydra
 11104 | Lair:2   | Received a gift from Okawaru
 11104 | Lair:2   | Reached XP level 12. HP: 62/71 MP: 17/19
 11406 | Lair:2   | Noticed a death yak
 11406 | Lair:2   | Noticed a death yak
 11407 | Lair:2   | Noticed a death yak
 11407 | Lair:2   | Noticed a death yak
 11407 | Lair:2   | Noticed a death yak
 11421 | Lair:2   | Killed a death yak
 11430 | Lair:2   | Killed a death yak
 11443 | Lair:2   | Killed a death yak
 11451 | Lair:2   | Killed a death yak
 11458 | Lair:2   | Killed a death yak
 11777 | Lair:2   | Found a hole to the Spider Nest.
 11961 | Lair:2   | Found a staircase to the Swamp.
 12216 | Lair:3   | Received a gift from Okawaru
 13121 | Lair:4   | Found a frozen archway.
 13182 | IceCv    | Entered an ice cave
 13202 | IceCv    | Reached XP level 13. HP: 59/80 MP: 20/20
 13290 | IceCv    | Found a transporter.
 13303 | IceCv    | Found a transporter.
 13321 | IceCv    | Received a gift from Okawaru
 13337 | IceCv    | Got an iridescent demon whip {god gift}
 13343 | Lair:4   | Identified the +10 demon whip of Okosipt {drain, +Rage
                  | rN+++ MP+9 Str-2} (Okawaru gifted it to you in an ice cave)
 13853 | Lair:4   | Reached skill level 10 in Armour
 13922 | Lair:4   | Reached skill level 10 in Shields
 13930 | Lair:4   | Noticed Nessos
 13941 | Lair:4   | Killed Nessos
 13941 | Lair:4   | Reached skill level 10 in Fighting
 14686 | Lair:5   | Found a viscous altar of Jiyva.
 14686 | Lair:5   | Found a staircase to the Slime Pits.
 14864 | Lair:5   | Reached ****** piety under Okawaru
 14968 | Lair:5   | Received a gift from Okawaru
 15530 | Lair:6   | Entered Level 6 of the Lair of Beasts
 15749 | Lair:6   | Noticed an entropy weaver
 15751 | Lair:6   | Noticed an entropy weaver
 15797 | Lair:6   | Noticed Kirke
 15907 | Lair:5   | Killed an entropy weaver
 15907 | Lair:5   | Received a gift from Okawaru
 15907 | Lair:5   | Gained mutation: Your large and strong wings let you fly
                  | indefinitely. [Gargoyle growth]
 15907 | Lair:5   | Reached XP level 14. HP: 57/90 MP: 21/21
 15987 | Lair:5   | Killed an entropy weaver
 16227 | Lair:6   | Found a large runed translucent door.
 16240 | Lair:6   | Found a large runed translucent door.
 16415 | Lair:6   | Received a gift from Okawaru
 16429 | Lair:6   | Killed Kirke
 16459 | Lair:6   | Got a blackened hunting sling {god gift}
 16701 | Lair:6   | Noticed Rupert
 16706 | Lair:6   | Paralysed by Rupert for 6 turns
 16729 | Lair:6   | Killed Rupert
 16962 | Lair:6   | Received a gift from Okawaru
 17811 | Orc:1    | Entered Level 1 of the Orcish Mines
 18412 | Orc:1    | Noticed an orc warlord
 18419 | Orc:1    | Reached XP level 15. HP: 97/97 MP: 22/22
 18426 | Orc:1    | Killed an orc warlord
 18489 | Orc:1    | Noticed an orc warlord
 18525 | Orc:1    | Killed an orc warlord
 18707 | Orc:1    | Received a gift from Okawaru
 19256 | Orc:2    | Entered Level 2 of the Orcish Mines
 19767 | Orc:2    | Found a staircase to the Elven Halls.
 19807 | Orc:2    | Received a gift from Okawaru
 19831 | Orc:2    | Got a transparent chain mail {god gift}
 19832 | Orc:2    | Identified the +0 chain mail "Biru Goa" {rElec Str+5 Int-2
                  | Dex-5} (Okawaru gifted it to you on level 2 of the Orcish
                  | Mines)
 19941 | Orc:2    | Found Keyplim's Jewellery Boutique.
 20478 | Orc:2    | Found Ylob Omo's Antique Weapon Shoppe.
 20478 | Orc:2    | Found Ocayla's Jewellery Boutique.
 20480 | Orc:2    | Found Ypseiqyob's Antique Armour Shoppe.
 20480 | Orc:2    | Found Esac's Book Boutique.
 20531 | Orc:2    | Found a roughly hewn altar of Beogh.
 22301 | D:12     | Found a glowing silver altar of Zin.
 22492 | D:12     | Received a gift from Okawaru
 22497 | D:12     | Got a crude eveningstar {god gift}
 22498 | D:12     | Identified the +8 eveningstar of False Accusations {elec,
                  | +Inv} (Okawaru gifted it to you on level 12 of the Dungeon)
 22613 | D:13     | Reached XP level 16. HP: 106/106 MP: 23/23
 22640 | D:13     | Reached skill level 1 in Evocations
 23260 | D:13     | Noticed Sonja
 23263 | D:13     | Killed Sonja
 23664 | D:14     | Got a twitching ivory ring
 23666 | D:14     | Identified the ring of Jealousy {*Tele rF+ rN+++ SInv
                  | Stlth-} (You found it on level 14 of the Dungeon)
 23754 | D:14     | Found a stormy altar of Qazlal.
 23805 | D:14     | HP: 2/107 [meliai/divine providence (10)]
 23813 | D:14     | Killed from afar by a meliai

Illustrated notes

Levels and vault maps discovered:
D:1:      minmay_arrival_doors, layout_basic
D:2:      minmay_spotlight, layout_basic, minmay_pentomino_z4
D:3:      layout_basic, nicolae_overflow_crystal_walls,
          yredelemnul_altar_generic, bloody_makhleb, uniq_terence, uniq_jessica,
          uniq_ijyb, uniq_robin
D:4:      wander_river, layout_basic, first_ration,
          gammafunk_ghost_abyssal_escape, uniq_blork_the_orc
D:5:      layout_rooms, lemuel_round_altar, minmay_temple_entry_gardened_gates,
          uniq_pikel
D:6:      layout_rooms, lemuel_zombie_altar_kikubaaqudgha,
          lightli_ossuary_entry_decrepit_ruins
D:7:      layout_loops_ring, serial_shops, shop, uniq_menkaure
D:8:      layout_basic, grunt_livestock
D:9:      layout_cave_pods, gammafunk_temple_overflow_forgotten,
          overflow_temple_1_default, david_lair_shrubbed,
          nicolae_qazlal_style_of_elements
D:10:     minmay_slanted_spiral_squares, layout_stronghold, ebering_ghost_gozag
D:11:     layout_roguey, lemuel_flamethrower_2
D:12:     layout_basic, basic_altar, nooodl_food_tri
D:13:     layout_stronghold, minmay_circle_x, uniq_sonja
D:14:     layout_basic, lightli_vaults_fourway_checkpoint, basic_altar,
          chequers_decorated_corner, lemuel_angel_altar
Temple:   dpeg_chambers_temple
Lair:1:   gammafunk_lair_enchanted_lake, layout_misc_corridors,
          kennysheep_abandoned_house
Lair:2:   layout_chaotic_city, nicolae_swamp_entry_splash_gauntlet,
          spider_nest_entry_funnel_web, small_statue_intersection,
          chequers_serial_rivers_marsh
Lair:3:   layout_roguey, st_stairs_10, hibernation_bobbens, grunt_megastairs_4
Lair:4:   layout_gridlike, portal_ice_cave_entry_ice_beasts,
          serial_bayou_shore_b, serial_bayou_shore_b,
          infiniplex_staircase_pool_2, uniq_nessos
Lair:5:   layout_cave_pods, slime_altar_1, serial_bayou, serial_bayou_shore_b,
          serial_bayou_lagoon_a, serial_bayou_lagoon_b, serial_bayou_ford_a,
          enter_volcano_3, serial_bayou_pond_d, disabler_island,
          serial_bayou_shore_a
Lair:6:   cheibrodos_lair_end_hotspot, layout_regular_city,
          minmay_another_anthill, uniq_kirke, uniq_rupert
Orc:1:    layout_caves, minmay_orc_treasury
Orc:2:    grunt_orc_tribal_feast, layout_caves, serial_shops,
          nicolae_shop_trees, minmay_orc_temple_c

Skill      XL: |  1  2  3  4  5  6  7  8  9 10 11 12 13 14 15 16 |
---------------+-------------------------------------------------+-----
Maces & Flails | 3 4 5 6 7 8 9 11 12 13 14 | 14.1
Invocations    | 3 6 9 10 | 10.0
Fighting       | 4 6 9 11 12 14 | 14.4
Armour         | 4 7 9 11 12 14 | 14.4
Shields        | 4 6 9 11 12 14 | 14.4
Evocations     | 1 |  1.8

Action                   |  1- 3 |  4- 6 |  7- 9 | 10-12 | 13-15 | 16-18 || total
-------------------------+-------+-------+-------+-------+-------+-------++-------
Melee: Flail             |   130 |   113 |    48 |       |       |       ||   291
       Whip              |       |    15 |   253 |   807 |    59 |       ||  1134
       Morningstar       |       |       |       |     9 |       |       ||     9
       Demon whip        |       |       |       |       |  1456 |       ||  1456
       Eveningstar       |       |       |       |       |    17 |   114 ||   131
Invok: Heroism           |       |       |       |     2 |     4 |     1 ||     7
       Finesse           |       |       |       |     2 |     4 |       ||     6
 Abil: Fly               |       |       |       |       |     1 |       ||     1
       Stop Flying       |       |       |       |       |     1 |       ||     1
Evoke: Wand              |       |     3 |       |     6 |       |       ||     9
  Use: Scroll            |       |       |    10 |    11 |     7 |     2 ||    30
       Potion            |       |       |       |       |       |     1 ||     1
  Eat: Chunk             |     2 |     5 |    10 |    19 |    29 |     4 ||    69
       Ration            |       |       |       |     1 |     1 |       ||     2
Armor: Scale mail        |    92 |       |       |       |       |       ||    92
       Plate armour      |     6 |    88 |   161 |   340 |   619 |    73 ||  1287
Dodge: Dodged            |    39 |    17 |    34 |    84 |   138 |    24 ||   336
       Repelled          |       |       |       |       |     8 |       ||     8
Block: Kite shield       |    84 |    65 |   120 |    73 |       |       ||   342
       Buckler           |       |       |       |    66 |       |       ||    66
       Tower shield      |       |       |       |   205 |  1229 |   142 ||  1576
